 Dungeon Crawl Stone Soup version 0.22-a0-542-gce4f928 (webtiles) character file.

168 kae the Insei (level 5, 0/38 HPs)
             Began as a Demonspawn Transmuter on June 24, 2018.
             Was an Initiate of Okawaru.
             Succumbed to a worker ant's poison
             ... on level 3 of the Dungeon.
             The game lasted 00:02:41 (2875 turns).

kae the Insei (Demonspawn Transmuter)               Turns: 2875, Time: 00:02:42

Health: 0/38       AC:  3    Str: 16    XL:     5   Next: 24%
Magic:  7/9        EV: 12    Int: 14    God:    Okawaru [......]
Gold:   83         SH:  0    Dex: 14    Spells: 3/9 levels left

rFire    . . .     SeeInvis .   e - +0 spear
rCold    . . .     Gourm    .   (no shield)
rNeg     . . .     Faith    .   b - +0 robe
rPois    .         Spirit   .   f - +1 hat
rElec    .         Reflect  .   (no cloak)
rCorr    .         Harm     .   (no gloves)
MR       .....                  (no boots)
Stlth    ++........             (no amulet)
HPRegen  0.12/turn              (no ring)
MPRegen  0.11/turn              (no ring)

@: mighty, lethally poisoned (0 -> -2), starving, hasted, very quick
A: horns 2, demonic guardian 1, nightstalker 1
a: Renounce Religion


You were on level 3 of the Dungeon.
You worshipped Okawaru.
Okawaru was noncommittal.
You were starving.

You visited 2 branches of the dungeon, and saw 5 of its levels.

You collected 83 gold pieces.

Inventory:

Hand Weapons
 e - a +0 spear (weapon)
Missiles
 a - 79 arrows
Armour
 b - a +0 robe (worn)
 c - the +0 robe "Kiqyph" {*Drain rElec Int+6, unknown}
   (You found it on level 4 of the Dungeon)

   It affects your intelligence (+6).
   It insulates you from electricity.
   It causes draining when unequipped.
 f - a +1 hat (worn)
Jewellery
 n - an uncursed ring of ice {unknown}
Scrolls
 k - a scroll of magic mapping {unknown}
 l - a scroll of enchant weapon {unknown}
 m - a scroll of random uselessness {unknown}
 o - 2 scrolls of identify {unknown}
 q - a scroll of immolation {unknown}
Potions
 j - a potion of haste
Comestibles
 d - 7 rations


   Skills:
 + Level 2.2 Fighting
 - Level 1.7 Dodging
 * Level 3.8 Unarmed Combat
 + Level 2.6 Spellcasting
 * Level 3.2 Transmutations


You had 3 spell levels left.
You knew the following spells:

 Your Spells              Type           Power        Failure   Level  Hunger
a - Beastly Appendage     Tmut           ##....       6%          1    #......
b - Sticks to Snakes      Tmut           ##......     9%          2    ###....
c - Spider Form           Tmut/Pois      #.........   34%         3    ###....

Your spell library contained the following spells:

 Spells                   Type           Power        Failure   Level  Hunger
 Blade Hands              Tmut           ##........   85%         5    ######.
 Ice Form                 Ice/Tmut       #.......     75%         4    #####..


Dungeon Overview and Level Annotations

Branches:
Dungeon (4/15)             Temple (1/1) D:4

Altars:
Ashenzari
Cheibriados
Dithmenos
Elyvilon
Fedhas
Gozag
Hepliaklqana
Kikubaaqudgha
Makhleb
Nemelex Xobeh
Okawaru
Qazlal
Ru
Sif Muna
Trog
Yredelemnul
Zin
The Shining One


Innate Abilities, Weirdness & Mutations

You have a pair of horns on your head.
A weak demonic guardian rushes to your aid.
You are slightly more attuned to the shadows.


Message History

* * * LOW HITPOINT WARNING * * *
You feel sick.
You see here a warped robe.
c - a warped robe
* * * LOW HITPOINT WARNING * * *
You feel sick.
There is a stone staircase leading up here.
You climb upwards.
* * * LOW HITPOINT WARNING * * *
You feel sick.
Found a smoky golden potion.
There is a stone staircase leading down here.
* * * LOW HITPOINT WARNING * * *
You feel sick.
You see here a smoky golden potion.
g - a smoky golden potion
There are no items here.
It was a potion of might.
You feel very mighty all of a sudden.
You die...

#########
......@.#
.######.#
#.# #.#
#.# #.#
######.#
......>#
########


There were no monsters in sight!

Vanquished Creatures
  A bullfrog zombie (D:2)
  2 worker ants (D:4)
  An adder (D:2)
  3 dart slugs
  A leopard gecko (D:1)
  4 orcs (D:4)
  A ball python (D:2)
  4 bats
  4 giant cockroaches
  4 goblins
  6 hobgoblins
  7 kobolds
  A quokka (D:2)
  4 frilled lizards
  4 rats
47 creatures vanquished.

Vanquished Creatures (collateral kills)
  A hound (D:4)
  4 orcs (D:4)
5 creatures vanquished.

Grand Total: 52 creatures vanquished

Notes
Turn   | Place    | Note
-------+----------+-------------------------------------------
     0 | D:1      | kae the Demonspawn Transmuter began the quest for the Orb.
     0 | D:1      | Reached XP level 1. HP: 15/15 MP: 3/3
   173 | D:1      | Gained mutation: You are slightly more attuned to the shadows. [demonic ancestry]
   173 | D:1      | Reached XP level 2. HP: 14/21 MP: 3/5
   762 | D:1      | Gained mutation: You have a pair of small horns on your head. [demonic ancestry]
   762 | D:1      | Reached XP level 3. HP: 21/26 MP: 6/6
  1310 | D:2      | Found a blossoming altar of Fedhas.
  1415 | D:2      | Found a bloodstained altar of Trog.
  1473 | D:2      | Gained mutation: A weak demonic guardian rushes to your aid. [demonic ancestry]
  1473 | D:2      | Reached XP level 4. HP: 14/33 MP: 7/7
  1852 | D:3      | Learned a level 2 spell: Sticks to Snakes
  1856 | D:3      | Learned a level 3 spell: Spider Form
  1890 | D:3      | You fall through a shaft!
  1890 | D:4      | Found a staircase to the Ecumenical Temple.
  1906 | Temple   | Entered the Ecumenical Temple
  2104 | Temple   | Became a worshipper of Warmaster Okawaru
  2484 | D:4      | Gained mutation: You have a pair of horns on your head. [demonic ancestry]
  2484 | D:4      | Reached XP level 5. HP: 14/38 MP: 8/8
  2563 | D:4      | HP: 1/38 [orc/hand axe (5)]
  2862 | D:4      | Got a warped robe
  2866 | D:3      | HP: 1/38 [poisoned by a worker ant]
  2875 | D:3      | Succumbed to a worker ant's poison

Vault maps used:
D:1:      saegor_arrival_miasma, serial_bayou_pond_d
D:2:      marbit_many_paths, lemuel_crystal_altar, first_ration,
          kennysheep_donut
D:3:      lemuel_round_altar, gammafunk_ghost_necromancy, grunt_ministairs_1,
          minmay_misc_feat_rugged, kennysheep_generic_room_8, uniq_sigmund,
          uniq_grinder, uniq_natasha
D:4:      lemuel_crystal_altar, temple_fountains
Temple:   eino_temple_scatter_basement

Skill      XL: |  1  2  3  4 |
---------------+-------------+-----
Transmutations | 2 3 |  3.2
Unarmed Combat | 3 |  3.8
Fighting       | 2 |  2.2
Dodging        | |  1.7
Spellcasting   | |  2.6

Action                   |  1- 3 |  4- 6 || total
-------------------------+-------+-------++-------
Melee: Unarmed           |    44 |       ||    44
       Kick              |     2 |     1 ||     3
       Headbutt          |     9 |     7 ||    16
       Spear             |   103 |    51 ||   154
       Punch             |       |     1 ||     1
 Cast: Beastly Appendage |     3 |     2 ||     5
       Sticks to Snakes  |       |     2 ||     2
  Use: Potion            |     1 |     6 ||     7
       Scroll            |     3 |     1 ||     4
 Stab: Sleeping          |     9 |     2 ||    11
  Eat: Chunk             |     1 |       ||     1
       Ration            |       |     1 ||     1
Armor: Robe              |    14 |     6 ||    20
       Skin              |       |    33 ||    33
Dodge: Dodged            |    94 |    37 ||   131

Table legend:
 A = Spawn XP
 B = Non-spawn XP
 C = Spawn XP percentage of total XP
 D = Spawn monster count
 E = Non-spawn monster count
 F = Spawn count percentage of total count
 G = Total turns spent on level
                    A         B        C        D         E        F      G
               +---------+---------+-------+---------+---------+-------+---------
         Total |       0 |     241 |   0.0 |       0 |      52 |   0.0 |  2875
               +---------+---------+-------+---------+---------+-------+---------
           D:1 |       0 |      43 |   0.0 |       0 |      22 |   0.0 |   884
           D:2 |       0 |      81 |   0.0 |       0 |      17 |   0.0 |   943
           D:3 |       0 |       1 |   0.0 |       0 |       1 |   0.0 |    72
           D:4 |       0 |     116 |   0.0 |       0 |      12 |   0.0 |   764
               +---------+---------+-------+---------+---------+-------+---------
